Kusanagi, lawful female human Samurai ------------------------ |................`I^^./| |..-------------------.| ----.| ----- |.| |..|)-- --.`.| |.| |.....|--|..`.| |.| |..a.a|..|..`.| |.| --..@.|...[.`-- |.| |.......|...| ------|.| |....|..|...| --|.....|.| |....---|...| |.+.....|.| |.......|..-- |-|.....|.| ----....|.-- |.+.....+.| ---.--.| |-|.....|-- |.....| |.+.....| |>.|..| --|.....| ------- ------- Kusanagi the Kunoichi Experience level: 7 Strength: 17 Dexterity: 18 Constitution: 18 Intelligence: 8 Wisdom: 10 Charisma: 7 Health: 0(72) Energy: 26(26) Def: 0 Gold: 0 Moves: 5583 Dungeon seed: K0rwxVdN6q_nWhBf Game ID: Kusanagi_1466605554 Your Inventory: Weapons a - an uncursed +0 katana (weapon in hand) b - an uncursed +0 wakizashi c - an uncursed +0 yumi (alternate weapon; not wielded) f - 6 uncursed +0 darts (in quiver) Armor e - an uncursed rustproof +0 splint mail Comestibles H - 3 uncursed gunyoki R - an uncursed fortune cookie S - an uncursed tripe ration Scrolls P - a cursed scroll of teleportation Potions O - an uncursed potion of paralysis Q - a cursed potion of speed V - an uncursed potion of healing Rings d - a cursed ring of teleportation L - an uncursed ring of teleport control T - a cursed -2 ring of gain strength Z - a cursed -2 ring of gain strength Wands M - an uncursed wand of cold (0:4) U - an uncursed wand of sleep (0:8) Tools n - an uncursed bag of holding named <> x - an uncursed sack named <> Y - 4 uncursed wax candles (0:400) Contents of the bag of holding named <>: 279 gold pieces the uncursed +0 Sting an uncursed +0 boomerang an uncursed +0 dagger an uncursed lichen corpse 2 uncursed scrolls of earth an uncursed scroll of enchant armor an uncursed scroll of enchant weapon a cursed scroll of remove curse a blessed scroll of stinking cloud 2 uncursed scrolls of teleportation an uncursed spellbook of create monster an uncursed spellbook of light an uncursed spellbook of sleep a cursed potion of polymorph a cursed potion of see invisible an uncursed potion of sleeping an uncursed ring of levitation an uncursed wand of digging (0:8) Spells and supernatural/magical abilities: Name Level Category Fail Memory W - pray for help -- divine ? -- Your skills at the end: Fighting Skills martial arts [Basic] Weapon Skills short sword [Basic] long sword [Basic] bow [Basic] Spellcasting Skills Final Attributes: You were piously aligned. You were poison resistant. You were fast. You are dead. Vanquished creatures: 3 giant beetles 3 leprechauns a dog a dingo a raven a bugbear a rock mole a shrieker a violet fungus 2 gnome lords a kobold mummy a guardian naga hatchling a straw golem a baby crocodile 2 giant ants a floating eye 2 kobold lords 8 hill orcs 6 rothes a centipede 4 dwarf zombies a wererat a werejackal 2 iguanas a large kobold 4 hobgoblins 3 cave spiders 2 brown molds a yellow mold a red mold 2 gnomes a garter snake 2 geckos 14 jackals 2 foxes a kobold 2 goblins 2 sewer rats 9 grid bugs 2 bats 3 lichens 2 kobold zombies 5 newts 106 creatures vanquished. Voluntary challenges: You had been an atheist until turn 3438. You used a wielded weapon 124 times, starting on turn 78. You read items or engraved 9 times, starting on turn 2653. You never genocided any monsters. You never polymorphed an object. You changed form 2 times, starting on turn 3010. You used no wishes. You never split a pudding. You wrote Elbereth's name 9 times, starting on turn 2653. You never violated your personal moral code. Dungeon overview: The Dungeons of Doom: levels 1 to 9 Level 1 some altars to Raijin a long staircase Level 2 Level 3 Level 4 a fountain a long staircase Level 5 Level 6 Level 7 Level 8 many fountains Level 9 stairs to Sokoban Sokoban: levels 5 to 8 Level 5 <- You were here Level 6 Level 7 Level 8 stairs to The Dungeons of Doom History has recorded: On T:1 you entered the Dungeons of Doom to retrieve the Amulet of Yendor! On T:337 you reached level 2 of The Dungeons of Doom. On T:730 you reached level 3 of The Dungeons of Doom. On T:963 you reached level 4 of The Dungeons of Doom. On T:995 you advanced to experience level 2. On T:1327 you reached level 5 of The Dungeons of Doom. On T:1445 you advanced to experience level 3. On T:1827 you reached level 6 of The Dungeons of Doom. On T:2002 you advanced to experience level 4. On T:2113 you reached level 7 of The Dungeons of Doom. On T:2239 you advanced to experience level 5. On T:2417 you reached level 8 of The Dungeons of Doom. On T:2801 you advanced to experience level 6. On T:2915 you reached level 9 of The Dungeons of Doom. On T:3082 you reached level 4 of Sokoban. On T:3821 you reached level 3 of Sokoban. On T:4367 you advanced to experience level 7. On T:4403 you reached level 2 of Sokoban. On T:4817 you reached level 1 of Sokoban. Score breakdown: Gold: 279 ( 8324 points) Experience: 7 levels (13645 points) Exploration: 9 levels ( 19.15%) (12510 points) Discoveries: 0 items ( 0.00%) ( 0 points) Valuables value: (no points given unless you survive) Artifact value: 0 ( 0 points) Variety of kills: 43 monsters ( 11.29%) (10078 points) Turncount: 5583 turns (-1517 points) Survival: died (score multiplied by 80%) Total score: 34432 Latest messages: The dart hits the soldier ant. The dart misses the soldier ant. The dart misses the soldier ant. You are now wielding your yumi. a - an uncursed +0 katana (alternate weapon; not wielded). You are now wielding your katana. c - an uncursed +0 yumi (alternate weapon; not wielded). You hit the soldier ant! The soldier ant bites! The soldier ant stings! You miss the soldier ant. The soldier ant bites! The soldier ant stings! The soldier ant bites! The soldier ant stings! The soldier ant bites! The soldier ant stings! You die... The sack named <> is empty. The sack named <> is empty. Final status: Sayonara Kusanagi the Samurai, killed by a soldier ant... You died in Sokoban on dungeon level 5 with 34432 points, and 279 pieces of gold, after 5583 moves. You were level 7 with a maximum of 72 hit points when you died.